 Dungeon Crawl Stone Soup version 0.23.2-40-g277498a001 (webtiles) character file.

Game seed: 2384574580267175572

1617 Cykl0x the Shield-Bearer (level 9, -9/67 HPs)
             Began as a Formicid Fighter on Sept 27, 2019.
             Was a Follower of Makhleb.
             Mangled by a two-headed ogre
             ... wielding a +0 giant club
              (15 damage)
             ... on level 6 of the Dungeon.
             The game lasted 00:15:49 (5578 turns).

Cykl0x the Shield-Bearer (Formicid Fighter)         Turns: 5578, Time: 00:15:50

Health: -9/67      AC: 11    Str: 24    XL:     9   Next: 17%
Magic:  11/11      EV:  8    Int:  8    God:    Makhleb [*.....]
Gold:   313        SH: 11    Dex: 10    Spells: 8/8 levels left

rFire    . . .     SeeInvis +   a - +0 long sword (venom)
rCold    . . .     Gourm    .   c - +1 shield
rNeg     . . .     Faith    .   l - +0 chain mail
rPois    .         Spirit   .   (helmet unavailable)
rElec    .         Reflect  .   q - +0 cloak
rCorr    .         Harm     .   (no gloves)
MR       .....                  (no boots)
Stlth    ..........             (no amulet)
HPRegen  0.21/turn              (no ring)
MPRegen  0.12/turn              (no ring)

@: no status effects
A: permanent stasis, dig shafts and tunnels, four strong arms, antennae 3
a: Dig, Shaft Self, Renounce Religion


You were on level 6 of the Dungeon.
You worshipped Makhleb.
Makhleb was aware of your devotion.
You were not hungry.

You visited 2 branches of the dungeon, and saw 7 of its levels.

You collected 313 gold pieces.

Inventory:

Hand Weapons
 a - a +0 long sword of venom (weapon)
 j - a +0 halberd
Missiles
 e - 299 stones
 p - a tomahawk (quivered)
Armour
 b - a +0 scale mail
 c - a +1 shield (worn)
 l - a +0 chain mail (worn)
 q - a +0 cloak (worn)
Wands
 k - a wand of paralysis (6)
Scrolls
 g - 4 scrolls of identify
 r - 4 scrolls of remove curse
Potions
 d - 4 potions of might
 h - a potion of cancellation
 i - 3 potions of agility
 m - a potion of mutation
 o - 3 potions of flight
Comestibles
 f - 11 rations
 n - 7 chunks of flesh


   Skills:
 + Level 4.9 Fighting
   Level 1.1(3.8) Short Blades
 + Level 5.8(5.9) Long Blades
 + Level 4.4 Throwing
 + Level 5.8 Armour
 + Level 1.9 Dodging
 + Level 0.1 Stealth
 + Level 6.4 Shields
 * Level 3.2 Invocations


You had 8 spell levels left.
You didn't know any spells.
Your spell library contained the following spells:

 Spells                   Type           Power        Failure   Level  Hunger
 Beastly Appendage        Tmut           #.....       99%         1    ##.....
 Corona                   Hex            #......      99%         1    ##.....
 Ensorcelled Hibernation  Hex/Ice        #.....       100%        2    ###....
 Sticks to Snakes         Tmut           #.......     100%        2    ###....
 Confuse                  Hex            #.......     100%        3    ####...
 Dazzling Spray           Conj/Hex       #.....       100%        3    ####...
 Spider Form              Tmut/Pois      #.........   100%        3    ####...
 Tukima's Dance           Hex            #.......     100%        3    ####...
 Ice Form                 Ice/Tmut       #.......     100%        4    #####..
 Blade Hands              Tmut           #.........   100%        5    ######.


Dungeon Overview and Level Annotations

Branches:
Dungeon (6/15)             Temple (1/1) D:4

Altars:
Ashenzari
Cheibriados
Dithmenos
Elyvilon
Fedhas
Gozag
Hepliaklqana
Makhleb
Qazlal
Ru
Sif Muna
Uskayaw
Vehumet
Wu Jian
Xom
The Shining One


Innate Abilities, Weirdness & Mutations

You cannot be hasted, slowed, berserked, paralysed or teleported.
You can dig through walls and to a lower floor.
Your four strong arms can wield two-handed weapons with a shield.
You have a pair of large antennae on your head. (SInv)


Message History

The two-headed ogre hits you with a +0 giant club!
You slash the two-headed ogre!
The two-headed ogre is heavily wounded.
The two-headed ogre hits you with a +0 giant club! x2
You hit the two-headed ogre but do no damage.
The two-headed ogre is poisoned.
The two-headed ogre is heavily wounded.
You block the two-headed ogre's attack.
The two-headed ogre hits you with a +0 giant club!
* * * LOW HITPOINT WARNING * * *
Unknown command.
Okay, then.
The two-headed ogre hits you with a +0 giant club!
* * * LOW HITPOINT WARNING * * *
You block the two-headed ogre's attack.
The two-headed ogre looks more healthy.
You slash the two-headed ogre!
The two-headed ogre is poisoned.
The two-headed ogre is severely wounded.
The two-headed ogre hits you with a +0 giant club!
You die...

....######....##.# ...#.
..#....#.........# .....
..#....#.........##.....
..####.............|....
..# #>.######......#...
### #..###.#.......# .##
##.##..........###
..###..##.......O....#..
#.##............@.......
...#..##............##..
..#...####..............
...>.### ##.............
.......####.....##......
...............##.......
.....#..##.##...........
......#.#...............
....................#


You could see a two-headed ogre.

Vanquished Creatures
  A hippogriff (D:5)
  An ice beast (D:6)
  A phantom (D:5)
  An ogre (D:4)
  A centaur (D:5)
  A bullfrog (D:6)
  A scorpion (D:6)
  A howler monkey (D:4)
  A bullfrog zombie (D:6)
  2 jellies (D:5)
  3 hounds
  3 orc priests
  A bullfrog skeleton (D:4)
  4 orc wizards
  Jessica (D:2)
  Natasha (thrice) (D:2)
  2 iguanas (D:5)
  4 worker ants
  A hound zombie (D:6)
  6 gnolls
  10 adders
  A shadow imp (D:5)
  An adder skeleton (D:5)
  A worm (D:5)
  A dart slug (D:2)
  3 leopard geckos
  13 orcs
  6 bats
  4 giant cockroaches
  9 goblins
  12 hobgoblins
  11 jackals
  12 kobolds
  3 quokkas
  A ball python (D:2)
  2 frilled lizards
  A giant cockroach zombie (D:6)
  2 jackal skeletons (D:6)
  7 rats
139 creatures vanquished.

Notes
Turn   | Place    | Note
-------+----------+-------------------------------------------
     0 | D:1      | Cykl0x the Formicid Fighter began the quest for the Orb.
     0 | D:1      | Reached XP level 1. HP: 18/18 MP: 1/1
   196 | D:1      | Reached XP level 2. HP: 24/24 MP: 2/2
   868 | D:2      | Reached XP level 3. HP: 26/30 MP: 3/3
   870 | D:2      | Reached skill level 4 in Shields
   931 | D:2      | Reached skill level 1 in Throwing
   999 | D:2      | Reached XP level 4. HP: 11/37 MP: 4/4
  1260 | D:2      | Noticed Jessica
  1262 | D:2      | Killed Jessica
  1262 | D:2      | Reached XP level 5. HP: 42/42 MP: 5/5
  1263 | D:2      | Noticed Natasha
  1271 | D:2      | Killed Natasha
  1363 | D:2      | Noticed Natasha
  1384 | D:2      | Killed Natasha
  1394 | D:2      | Found a white marble altar of Elyvilon.
  1607 | D:2      | Found a shadowy altar of Dithmenos.
  1790 | D:2      | Noticed Natasha
  1795 | D:2      | Found a deep blue altar of Sif Muna.
  1820 | D:2      | Killed Natasha
  1820 | D:2      | Reached XP level 6. HP: 43/48 MP: 6/6
  2589 | D:3      | Found a sacrificial altar of Ru.
  3101 | D:4      | Reached skill level 1 in Dodging
  3101 | D:4      | Reached XP level 7. HP: 33/54 MP: 7/7
  3318 | D:4      | Reached skill level 5 in Shields
  3691 | D:4      | Found a staircase to the Ecumenical Temple.
  3700 | Temple   | Entered the Ecumenical Temple
  3753 | Temple   | Became a worshipper of Makhleb the Destroyer
  4243 | D:5      | Entered Level 5 of the Dungeon
  4290 | D:5      | Reached XP level 8. HP: 18/61 MP: 8/8
  4595 | D:5      | Reached * piety under Makhleb
  4599 | D:5      | Reached skill level 1 in Short Blades
  4599 | D:5      | Reached skill level 5 in Armour
  4721 | D:5      | Found a glowing golden altar of the Shining One.
  4762 | D:5      | Reached skill level 1 in Invocations
  4775 | D:5      | Noticed a hippogriff
  4787 | D:5      | Killed a hippogriff
  4787 | D:5      | Reached skill level 5 in Long Blades
  4787 | D:5      | Reached skill level 6 in Shields
  4830 | D:5      | Found a stormy altar of Qazlal.
  4990 | D:5      | Found a hide-covered altar of Uskayaw.
  5184 | D:6      | Reached XP level 9. HP: 25/67 MP: 9/11
  5556 | D:6      | Noticed a two-headed ogre
  5567 | D:6      | HP: 3/67 [two-headed ogre/+0 giant club (16)]
  5578 | D:6      | Mangled by a two-headed ogre

Skill      XL: |  1  2  3  4  5  6  7  8  9 |
---------------+----------------------------+-----
Shields        | 4 5 6 |  6.4
Throwing       | 1 3 4 |  4.4
Fighting       | 4 |  4.9
Armour         | 4 5 |  5.8
Long Blades    | 3 4 5 |  5.8
Dodging        | 1 |  1.9
Short Blades   | 1 |  1.1
Invocations    | 2 3 |  3.2
Stealth        | |  0.1

Action                   |  1- 3 |  4- 6 |  7- 9 || total
-------------------------+-------+-------+-------++-------
Melee: Long sword        |    53 |   113 |   304 ||   470
       Short sword       |       |       |    23 ||    23
Throw: Stone             |    12 |     4 |    11 ||    27
       Tomahawk          |    30 |    49 |    45 ||   124
 Abil: Dig               |       |     3 |     5 ||     8
  Use: Scroll            |     5 |     2 |     7 ||    14
       Potion            |       |       |     1 ||     1
  Eat: Chunk             |       |     8 |     9 ||    17
Armor: Scale mail        |    28 |    10 |       ||    38
       Chain mail        |       |    46 |   138 ||   184
Dodge: Dodged            |    18 |    28 |    88 ||   134
Block: Shield            |    29 |    78 |   199 ||   306
       Rpst.: Long sword |     4 |     9 |    22 ||    35
